 Dungeon Crawl Stone Soup version 0.19.4-8-ga85b6b9 (webtiles) character file.

4156 Naow the Cleaver (level 10, -3/69 (70) HPs)
             Began as a Formicid Fighter on Feb 11, 2017.
             Was an Elder of Okawaru.
             Succumbed to a killer bee's poison
             ... on level 8 of the Dungeon.
             The game lasted 00:11:15 (9265 turns).

Naow the Cleaver (Formicid Fighter)                 Turns: 9265, Time: 00:11:15

HP:   -3/69 (70)    AC:  9    Str: 24 (25) XL:     10   Next: 52%
MP:   14/14         EV:  9    Int:  5 (7)  God:    Okawaru [****..]
Gold: 412           SH: 13    Dex:  9 (10) Spells: 0 memorised, 9 levels left

rFire  . . .     SeeInvis +     D - +0 broad axe
rCold  . . .     Gourm    .     b - +0 scale mail
rNeg   . . .     Faith    .     e - +2 shield
rPois  .         Spirit   .     (helmet unavailable)
rElec  .         Reflect  .     q - +1 cloak {+Inv}
rCorr  .         Harm     .     (no gloves)
MR     +....                    (no boots)
Stlth  ..........               (no amulet)
                                (no ring)
                                o - +3 ring of slaying

@: lethally poisoned (-3 -> -46)
A: permanent stasis, dig shafts and tunnels, four strong arms, antennae 3
a: Dig, Shaft Self, Heroism, Renounce Religion, Evoke Invisibility


You were on level 8 of the Dungeon.
You worshipped Okawaru.
Okawaru was greatly pleased with you.
You were near starving.

You visited 1 branch of the dungeon, and saw 8 of its levels.
You also visited: Sewer.

You collected 412 gold pieces.

Inventory:

Hand Weapons
 a - a +0 war axe
 D - a +0 broad axe (weapon)
Armour
 b - a +0 scale mail (worn)
 c - a +0 shield
 e - a +2 shield (worn)
 q - a +1 cloak of invisibility (worn)
 K - a cursed +0 pair of boots
Jewellery
 o - a +3 ring of slaying (left hand)
Wands
 C - a wand of flame (16/48)
 H - a wand of confusion (13/48)
 N - a wand of random effects (25/48)
Scrolls
 d - 5 scrolls of teleportation {unknown}
 i - 3 scrolls of magic mapping {unknown}
 j - 8 scrolls of identify {unknown}
 m - 2 scrolls of remove curse {unknown}
 n - a scroll of enchant weapon {unknown}
 t - 2 scrolls of fog {unknown}
 v - a scroll of immolation {unknown}
 y - a scroll of recharging {unknown}
 B - 3 scrolls of amnesia {unknown}
 F - a scroll of acquirement {unknown}
 I - a scroll of torment {unknown}
Potions
 h - a potion of magic {unknown}
 k - 2 potions of berserk rage {unknown}
 p - a potion of cancellation {unknown}
 r - 2 potions of ambrosia {unknown}
 s - 2 potions of agility {unknown}
 u - 2 potions of haste {unknown}
 z - 4 potions of curing {unknown}
 A - a potion of flight {unknown}
 E - a potion of brilliance {unknown}
 G - a potion of cure mutation {unknown}
 J - 2 potions of lignification {unknown}
 L - a potion of heal wounds {unknown}
 O - a potion of invisibility {unknown}
Books
 x - a book of Changes

   Spells                             Type                      Level
   a - Beastly Appendage              Transmutation                1
   b - Sticks to Snakes               Transmutation                2
   c - Spider Form                    Transmutation/Poison         3
   d - Ice Form                       Ice/Transmutation            4
   e - Blade Hands                    Transmutation                5
 M - a book of Battle

   Spells                             Type                      Level
   a - Infusion                       Charms                       1
   b - Shroud of Golubria             Charms/Translocation         2
   c - Song of Slaying                Charms                       2
   d - Spectral Weapon                Hexes/Charms                 3
   e - Regeneration                   Charms/Necromancy            3
Comestibles
 f - 6 bread rations
 l - 2 beef jerkies
 w - 3 meat rations


   Skills:
 - Level 3.2 Fighting
 * Level 11.8 Axes
 - Level 3.2 Armour
 - Level 9.0 Shields
 + Level 5.8 Invocations


You had 9 spell levels left.
You didn't know any spells.

Dungeon Overview and Level Annotations

Branches:
Dungeon (8/15)             Temple (0/1) D:7
   Lair: D:8-11

Altars:
Elyvilon
Fedhas
Hepliaklqana
Makhleb
Okawaru
Ru
Sif Muna
Trog
The Shining One

Annotations:
D:7 1 exclusion


Innate Abilities, Weirdness & Mutations

You are under a permanent stasis effect.
You can dig through walls and to a lower floor.
Your four strong arms can wield two-handed weapons with a shield.
You have a pair of large antennae on your head. (SInv)


Message History

The killer bee buzzes angrily.
You slice the killer bee!!
You kill the killer bee!
Okawaru accepts your kill.
You hit the killer bee but do no damage.
You barely miss the killer bee. You completely miss the killer bee.
You slash the killer bee!
You kill the killer bee!
Okawaru accepts your kill.
* * * LOW HITPOINT WARNING * * *
You feel very sick. The killer bee closely misses you.
The killer bee stings you!
* * * LOW HITPOINT WARNING * * *
The killer bee moves out of view.
The killer bee closely misses you. The killer bee stings you.
* * * LOW HITPOINT WARNING * * *
The killer bee stings you but does no damage.
You block the killer bee's attack. x2
The killer bee stings you but does no damage.
You die... .# #. #.# .##. . .{. .yy

{ .[ #.# ..### #.
#.# ....# ..
#.##y$.. #.#$
##y..#.#
.#....###yh...?#####
.......@.yyS........
##...###yy.....#####
... #...)...# #
##.....##
#########..
#.......#
#..<.......
#.......#
#.#########
#.......# ##.# #.
##.....## ##..#
#...##...##


You could see a queen bee, a hound, 6 killer bees and a ball python.

Vanquished Creatures
  A deep elf mage (D:7)
  Sigmund (D:2)
  A hungry ghost (D:7)
  Menkaure (D:7)
  An orc warrior (D:7)
  Duvessa (D:7)
  A black bear (D:6)
  3 ice beasts
  A phantom (D:4)
  A necrophage (D:7)
  3 ogres (D:5)
  2 centaurs
  6 big kobolds (Sewer)
  3 bullfrogs
  Dowan (D:7)
  2 scorpions
  2 killer bees (D:8)
  A wight (D:7)
  2 electric eels (D:6)
  A crimson imp (D:5)
  3 hounds
  Crazy Yiuf (D:2)
  2 centaur skeletons
  A gnoll shaman (D:6)
  5 orc priests
  A jelly (D:5)
  5 orc wizards
  Ijyb (D:2)
  Terence (D:3)
  9 worker ants
  A hound zombie (D:5)
  A howler monkey zombie (D:5)
  Robin (D:4)
  5 gnolls (D:6)
  12 adders
  A howler monkey skeleton (D:7)
  A river rat (Sewer)
  5 oozes (Sewer)
  An adder skeleton (D:5)
  2 adder zombies
  7 worms
  12 dart slugs
  2 leopard geckos
  16 orcs
  6 bats
  4 giant cockroaches
  16 goblins
  6 hobgoblins
  15 jackals
  7 kobolds
  2 quokkas
  5 ball pythons
  3 frilled lizards
  11 rats
206 creatures vanquished.

Notes
Turn   | Place    | Note
-------+----------+-------------------------------------------
     0 | D:1      | Naow the Formicid Fighter began the quest for the Orb.
     0 | D:1      | Reached XP level 1. HP: 18/18 MP: 1/1
   102 | D:1      | Reached XP level 2. HP: 24/24 MP: 2/2
   607 | D:2      | Reached skill level 3 in Axes
   607 | D:2      | Reached XP level 3. HP: 29/29 MP: 3/3
   643 | D:2      | Noticed Sigmund
   656 | D:2      | Killed Sigmund
   656 | D:2      | Reached skill level 4 in Axes
   656 | D:2      | Reached skill level 5 in Shields
   656 | D:2      | Reached XP level 4. HP: 4/35 MP: 4/4
   656 | D:2      | Reached XP level 5. HP: 5/41 MP: 5/5
  1028 | D:2      | Reached XP level 6. HP: 44/47 MP: 6/6
  1359 | D:2      | Found a sacrificial altar of Ru.
  1373 | D:2      | Reached skill level 5 in Axes
  1564 | D:2      | Found a faded altar of an unknown god.
  1824 | D:2      | Noticed Ijyb
  1839 | D:2      | Killed Ijyb
  1874 | D:2      | Found a runed door.
  2300 | D:2      | Noticed Crazy Yiuf
  2310 | D:2      | Killed Crazy Yiuf
  2692 | D:3      | Found a bloodstained altar of Trog.
  2724 | D:3      | Found an iron altar of Okawaru.
  2745 | D:3      | Became a worshipper of Warmaster Okawaru
  2798 | D:3      | Noticed Terence
  2809 | D:3      | Killed Terence
  2809 | D:3      | Reached XP level 7. HP: 52/52 MP: 7/7
  2825 | D:3      | Reached skill level 6 in Axes
  2828 | D:3      | Found a burning altar of Makhleb.
  3285 | D:4      | Found a glowing drain.
  3294 | Sewer    | Entered a sewer
  3998 | Sewer    | Reached skill level 7 in Axes
  3998 | Sewer    | Reached XP level 8. HP: 53/58 MP: 8/8
  4085 | Sewer    | Reached * piety under Okawaru
  4309 | D:4      | Reached skill level 8 in Axes
  4521 | D:4      | Found a deep blue altar of Sif Muna.
  4579 | D:4      | Noticed Robin
  4599 | D:4      | Killed Robin
  4915 | D:4      | Found a glowing golden altar of the Shining One.
  4981 | D:5      | Entered Level 5 of the Dungeon
  5057 | D:5      | Reached ** piety under Okawaru
  5290 | D:5      | Reached XP level 9. HP: 28/64 MP: 9/9
  5310 | D:5      | Reached skill level 9 in Axes
  5711 | D:5      | Found a blossoming altar of Fedhas.
  5781 | D:5      | Found a hazy altar of Hepliaklqana.
  5782 | D:5      | Found a white marble altar of Elyvilon.
  6103 | D:5      | Reached skill level 1 in Invocations
  6410 | D:6      | Reached skill level 10 in Axes
  6905 | D:6      | Reached *** piety under Okawaru
  7841 | D:7      | Found a staircase to the Ecumenical Temple.
  7848 | D:7      | Reached XP level 10. HP: 60/70 MP: 12/12
  7894 | D:7      | Noticed a deep elf mage
  7908 | D:7      | Killed a deep elf mage
  7908 | D:7      | Reached skill level 11 in Axes
  7915 | D:7      | Noticed Duvessa
  7920 | D:7      | Noticed Dowan
  8228 | D:7      | Killed Duvessa
  8228 | D:7      | Reached skill level 5 in Invocations
  8236 | D:7      | Killed Dowan
  8327 | D:7      | Noticed Menkaure
  8335 | D:7      | Killed Menkaure
  9264 | D:8      | Reached **** piety under Okawaru
  9264 | D:8      | HP: 1/69 [killer bee (4)]
  9265 | D:8      | Succumbed to a killer bee's poison

Skill      XL: |  1  2  3  4  5  6  7  8  9 10 |
---------------+-------------------------------+-----
Axes           | 3 4 5 7 8 10 11 | 11.8
Shields        | 5 6 8 9 |  9.0
Invocations    | 3 5 |  5.8
Fighting       | |  3.2
Armour         | |  3.2

Action                   |  1- 3 |  4- 6 |  7- 9 | 10-12 || total
-------------------------+-------+-------+-------+-------++-------
Melee: War axe           |    55 |   153 |   366 |       ||   574
       Broad axe         |       |       |   101 |    93 ||   194
Invok: Heroism           |       |       |       |     2 ||     2
  Use: Potion            |       |     1 |       |     1 ||     2
  Eat: Chunk             |       |     6 |    18 |     4 ||    28
Armor: Scale mail        |    22 |    62 |   127 |    45 ||   256
Dodge: Dodged            |    14 |    54 |   138 |    29 ||   235
Block: Shield            |    28 |   102 |   237 |    77 ||   444
